 Dungeon Crawl Stone Soup version 0.27-a0-1196-g3e9cee4cb2 (webtiles) character file.

Game seed: 16814636450113386801

50 dickylongcocking the Magician (level 4, -7/31 HPs)
             Began as a Djinni Fire Elementalist on May 29, 2021.
             Mangled by Crazy Yiuf
             ... wielding a +4 quarterstaff of chaos
              (9 damage)
             ... on level 2 of the Dungeon.
             The game lasted 00:02:47 (2707 turns).

dickylongcocking the Magician (DjFE)                Turns: 2707, Time: 00:02:47

Health: -7/31      AC:  2    Str:  7    XL:     4   Next: 4%
Gold:   69         EV: 12    Int: 17    God:
                   SH:  0    Dex: 14

rFire    + + .     SeeInvis .   h - +1 dagger (elec)
rCold    x . .     Faith    .   (no shield)
rNeg     . . .     Spirit   .   a - +0 robe
rPois    ∞         Reflect  .   (no helmet)
rElec    .         Harm     .   (no cloak)
rCorr    .         Rampage  .   (no gloves)
Will     .....                  (boots unavailable)
Stlth    ++........             (no amulet)
HPRegen  0.10/turn              (no ring)
MPRegen  0.00/turn              (no ring)

@: flying
A: sickness immunity, fire resistance 2, cold vulnerability 1, float, innate
caster, hp casting, extra vitality 1
a: no special abilities


You were on level 2 of the Dungeon.
You visited 1 branch of the dungeon, and saw 2 of its levels.

You collected 69 gold pieces.

Inventory:

Hand Weapons
 c - a +0 dagger
 h - a +1 dagger of electrocution (weapon)
Armour
 a - a +0 robe (worn)
Jewellery
 e - a +6 ring of strength
Scrolls
 f - a scroll of blinking {unknown}
 i - a scroll of identify {unknown}
 l - a scroll of enchant armour {unknown}
Potions
 b - 2 potions of attraction {unknown}
 d - a potion of cancellation {unknown}
 g - 2 potions of heal wounds {unknown}
 j - a potion of lignification {unknown}
 k - a potion of haste {unknown}


   Skills:
 * Level 0.2 Fighting
 * Level 0.2 Short Blades
 - Level 2.5 Dodging
 - Level 1.7 Stealth
 * Level 3.3 Spellcasting


You couldn't memorise any spells.
You knew the following spells:

 Your Spells              Type           Power      Damage    Failure   Level
a - Foxfire               Conj/Fire      56%        2x1d6     4%          1
b - Conjure Flame         Conj/Fire      14%        6-21      13%         3
c - Inner Flame           Hex/Fire       14%        N/A       13%         3
d - Sticky Flame          Conj/Fire      14%        2d4       38%         4
e - Fireball              Conj/Fire      7%         3d5       75%         5
f - Corona                Hex            15%        N/A       4%          1
Your spell library was empty.

Dungeon Overview and Level Annotations

Branches:
Dungeon (2/15)

Altars:

Shops:
D:2 [

Annotations:
D:2 Crazy Yiuf


Innate Abilities, Weirdness & Mutations

You are immune to sickness and miasma.
You are immune to poison.
Your flesh is very heat resistant. (rF++)
You are vulnerable to cold. (rC-)
You float through the air rather than walking.
You learn spells naturally, not from books.
Your magical power is your life essence.
You have superior vitality. (+4 HP)


Message History

Crazy Yiuf is moderately wounded.
Unknown command.
You hit Crazy Yiuf.
Crazy Yiuf is moderately wounded.
The foxfire hits Crazy Yiuf.
Crazy Yiuf is heavily wounded.
The foxfire hits Crazy Yiuf.
Crazy Yiuf is heavily wounded.
Crazy Yiuf misses you.
Casting: Foxfire (safe; 4% risk of failure)
Confirm with . or Enter, or press ? or * to list all spells.
You conjure some foxfire!
Crazy Yiuf drinks a potion.
Crazy Yiuf seems to grow stronger.
Unknown command.
Unknown command.
You barely miss Crazy Yiuf.
Crazy Yiuf is heavily wounded.
The foxfire hits Crazy Yiuf.
Crazy Yiuf is severely wounded.
The foxfire hits Crazy Yiuf but does no damage.
Crazy Yiuf is severely wounded.
Crazy Yiuf hits you with a +4 quarterstaff of chaos!!
Ouch! That really hurt!
* * * LOW HITPOINT WARNING * * *
Unknown command.
Okay, then.
Casting: Foxfire (safe; 4% risk of failure)
Confirm with . or Enter, or press ? or * to list all spells.
You don't know that spell.
Unknown command.
Press: ? - help, v - describe, . - travel
Here: Crazy Yiuf, wielding a +4 quarterstaff of chaos and wearing a +0 cloak (severely wounded, strong)
The floor.
Unknown command.
Okay, then.
Crazy Yiuf says, "Nubble!"
Crazy Yiuf screams, "Dawk sing high!"
Crazy Yiuf laughs, "Ghoul green mumblescurry!"
Crazy Yiuf hits you with a +4 quarterstaff of chaos!
You die...

.# #.# ####.#.#.######.#
#<# .# #.#
#..........†..#.# #.# .#
#.# #.####.#...†..# #.# .#
#.# #.# #.#.####......
.#####.####.# #.#.# .#.###
)...........# #.#.# # ..
.#.########## #.#.# ##
.#.# #.#.# .#.### #@#.#
.....# #g# ####.# #.# #.#
#.# #.# #.### #.#
#######.#.##
#.#####..........## #
#.................##.##
####.......#...$)........#


You could see Crazy Yiuf (strong).

Vanquished Creatures
  A dart slug (D:1)
  4 endoplasms (D:1)
  2 giant cockroaches (D:2)
  5 goblins
  8 hobgoblins
  4 jackals (D:1)
  2 quokkas
  3 ball pythons (D:1)
  A bat (D:1)
  5 frilled lizards
  5 kobolds
  2 rats (D:1)
42 creatures vanquished.

Vanquished Creatures (others)
  181 foxfires
181 creatures vanquished.

Grand Total: 223 creatures vanquished

Notes
Turn   | Place    | Note
-------+----------+-------------------------------------------
     0 | D:1      | dickylongcocking the Djinni Fire Elementalist began the
                  | quest for the Orb.
     0 | D:1      | Reached XP level 1. HP: 15/15 MP: 0/0
   210 | D:1      | Reached XP level 2. HP: 16/21 MP: 0/0
   525 | D:1      | Found a faded altar of an unknown god.
   760 | D:1      | Reached skill level 3 in Spellcasting
   919 | D:1      | Reached XP level 3. HP: 19/25 MP: 0/0
   919 | D:1      | Learned a level 1 spell: Corona
  2240 | D:2      | Found Raoph's Armour Shop.
  2633 | D:2      | Reached XP level 4. HP: 30/31 MP: 0/0
  2676 | D:2      | Found a runed translucent door.
  2677 | D:2      | Noticed Crazy Yiuf
  2697 | D:2      | HP: 1/31 [Crazy Yiuf/+4 quarterstaff of chaos (22)]
  2707 | D:2      | Mangled by Crazy Yiuf

Illustrated notes

Levels and vault maps discovered:
D:1:      lightli_arrival_quake, layout_basic,
          hellmonk_ecumenical_altar_crossroads, minmay_tetromino_l2
D:2:      layout_loops_ring, serial_shops, shop, nicolae_shop_trees, shop, shop,
          uniq_crazy_yiuf_cottage

Skill      XL: |  1  2 |
---------------+-------+-----
Spellcasting   | 3 |  3.3
Fighting       | |  0.2
Short Blades   | |  0.2
Dodging        | |  2.5
Stealth        | |  1.7

Action                   |  1- 3 |  4- 6 || total
-------------------------+-------+-------++-------
Melee: Dagger            |    24 |     2 ||    26
 Cast: Foxfire           |   107 |    12 ||   119
 Stab: Sleeping          |     1 |       ||     1
Armor: Robe              |     5 |       ||     5
Dodge: Dodged            |    33 |     1 ||    34

Table legend: (Time is in decaauts)
 A = Elapsed time spent in this place.
 B = Non-inter-level travel time spent in this place.
 C = Inter-level travel time spent in this place.
 D = Time resting spent in this place.
 E = Time spent auto-exploring this place.
 F = Levels seen in this place.
 G = Mean time per level.
                   A        B        C        D        E       F      G
               +--------+--------+--------+--------+--------+-----+--------+
         Total |   2705 |   2697 |      8 |    283 |   2085 |   2 | 1352.5 |
       Dungeon |   2705 |   2697 |      8 |    283 |   2085 |   2 | 1352.5 |
               +--------+--------+--------+--------+--------+-----+--------+

Top non-repeatable levels by time:
     D:1: 2154 daAuts
     D:2: 551 daAuts
